 Dungeon Crawl Stone Soup version 0.19-a0-1019-g9c6a58d (webtiles) character file.

27 matakusis the Ducker (level 2, -3/22 HPs)
             Began as a Demonspawn Gladiator on July 25, 2016.
             Slain by a giant gecko (5 damage)
             ... on level 1 of the Dungeon.
             The game lasted 00:02:48 (696 turns).

matakusis the Ducker (Demonspawn Gladiator)          Turns: 696, Time: 00:02:48

Health: -3/22      AC:  4    Str: 15    XL:     2   Next: 93%
Magic:  2/2        EV: 18    Int:  9    God:
Gold:   54         SH:  0    Dex: 18    Spells: 0 memorised, 1 level left

rFire  . . .     SeeInvis .     a - +0 long sword
rCold  . . .     Gourm    .     b - +0 leather armour
rNeg   . . .     Faith    .     (no shield)
rPois  .         Spirit   .     c - +0 helmet
rElec  .         Dismiss  .     (no cloak)
rCorr  .         Reflect  .     (no gloves)
SustAt .         Harm     .     (no boots)
MR     .....                    l - amulet of magic regeneration
Stlth  ++........               (no ring)
                                (no ring)

@: agile, lethally poisoned (-3 -> -3), not resistant to hostile enchantments,
unstealthy
A: powered by death 1
a: no special abilities


You were on level 1 of the Dungeon.
You were not hungry.

You visited 1 branch of the dungeon, and saw 2 of its levels.

You collected 54 gold pieces.

Inventory:

Hand Weapons
 a - a +0 long sword (weapon)
Missiles
 d - 3 throwing nets (quivered)
Armour
 b - a +0 leather armour (worn)
 c - a +0 helmet (worn)
Jewellery
 l - an amulet of magic regeneration (around neck)
Scrolls
 g - 2 scrolls of teleportation {unknown}
 h - a scroll of enchant weapon {unknown}
 m - a scroll of enchant armour {unknown}
 n - a scroll of magic mapping {unknown}
Potions
 e - a potion of curing {unknown}
 j - a potion of magic {unknown}
Comestibles
 f - 2 bread rations
 k - 2 chunks of flesh


   Skills:
 * Level 2.2 Fighting
 + Level 3.1 Long Blades
 - Level 1.7 Throwing
 + Level 0.1 Armour
 + Level 3.2 Dodging


You had one spell level left.
You didn't know any spells.

Dungeon Overview and Level Annotations

Branches:
Dungeon (2/15)

Altars:


Innate Abilities, Weirdness & Mutations

You regenerate a little health from kills.


Message History

You completely miss the hobgoblin. The kobold hits you but does no damage.
The adder bites you but does no damage.
Unknown command.
You barely miss the kobold.
* * * LOW HITPOINT WARNING * * *
You feel sick. The giant gecko barely misses you.
The hobgoblin closely misses you.
You riposte.
You hit the hobgoblin.
You kill the hobgoblin!
The kobold hits you.
* * * LOW HITPOINT WARNING * * *
The adder bites you.
* * * LOW HITPOINT WARNING * * *
The giant gecko bites you but does no damage.
The adder bites you but does no damage. The kobold hits you but does no damage.
The adder completely misses you.
You riposte.
You hit the adder.
The adder is heavily wounded.
It was a potion of agility.
You feel agile all of a sudden.
You feel sick. The giant gecko bites you.
You die...

≈.....#
#......#############.#.#
≈P..PP#
#......##............#.#
≈P.≈.P#
####........##.#######.#
.P.≈..#
#........##.........#
......#
#........##.#########
≈≈##.<# #........##.#
≈≈..### #.....)..##.#
#P≈## #..lSK...##.# ####
#...@....##.#
#....)...##.#
#........##.#
#........##.#####
######.####.....# #.#
#...#.#
######.########.#
#...............#
#........########


You could see an adder, a giant gecko and a kobold.

Vanquished Creatures
  An ooze (D:1)
  A dart slug (D:1)
  2 giant geckos (D:1)
  4 bats (D:1)
  2 giant cockroaches (D:1)
  A hobgoblin (D:1)
  A giant newt (D:1)
  2 goblins (D:1)
  2 kobolds (D:1)
  A rat (D:1)
17 creatures vanquished.

Notes
Turn   | Place    | Note
-------+----------+-------------------------------------------
     0 | D:1      | matakusis the Demonspawn Gladiator began the quest for the Orb.
     0 | D:1      | Reached XP level 1. HP: 16/16 MP: 1/1
   185 | D:1      | Gained mutation: You regenerate a little health from kills. [demonic ancestry]
   185 | D:1      | Reached XP level 2. HP: 17/22 MP: 2/2
   694 | D:1      | HP: 1/22 [adder (1)]
   696 | D:1      | Slain by a giant gecko

Vault maps used:
D:1:      lemuel_arrival_muddy
D:2:      minmay_small_reverse_x, uniq_jessica

Skill      XL: |  1  2 |
---------------+-------+-----
Dodging        | 3 |  3.2
Long Blades    | 3 |  3.1
Fighting       | |  2.2
Throwing       | |  1.7
Armour         | |  0.1

Action                   || total
-------------------------++-------
Melee: Long sword        ||    93
  Use: Potion            ||     1
Armor: Leather armour    ||    38
Dodge: Dodged            ||    78
